AoeStats
← jack122800

Arena

510808376Analyzed
4v4 RM · 17h ago on Oct 2, 2026· 19m 24s· 8 players
Game mode
Random Map
Map size
Large (8 player)
Population
200
Speed
Normal
Resources
Standard
Victory
Conquest
Starting age
Dark Age
Ending age
Imperial Age
RankedLock teamsTeams togetherTeam positionsShared explorationLock speedFull tech treeHidden civsTurbo modeCheats
Victory
Defeat
🇹🇼 Khmer · Taiwan
1187
+12
🇹🇼 Spanish · Taiwan
1183
+12
🇹🇼 Varangians · Taiwan
1173
+13
🇹🇼 Turks · Taiwan
1154
+13
🇺🇸 Celts · United States
1109
-13
🇪🇪 Japanese · Estonia
1109
-13
🇺🇸 Portuguese · United States
1101
-13
🇧🇷 Turks · Brazil
1065
-11
Delicious Tuna
11:27 Feudal Age
12:58 Double-Bit Axe
15:55 Castle Age
14:05 Horse Collar
17:21 Bow Saw
17:18 Fletching
17:30 Padded Archer Armor
17:34 Loom
MarCus111
0:26 Loom
11:10 Feudal Age
17:07 Castle Age
15:12 Double-Bit Axe
15:41 Horse Collar
15:55 Stone Mining
18:24 Bow Saw
18:17 Heavy Plow
18:10 Gold Mining
maxokol
10:33 Feudal Age
14:09 Castle Age
12:23 Double-Bit Axe
12:50 Horse Collar
15:41 Loom
AnGuS
15:07 Feudal Age
15:52 Horse Collar
15:58 Double-Bit Axe
16:04 Gold Mining
19:32 Castle Age
emperor6702
9:41 Feudal Age
13:37 Castle Age
12:20 Double-Bit Axe
19:46 Bow Saw
他肯
10:49 Feudal Age
14:48 Castle Age
13:21 Double-Bit Axe
14:08 Horse Collar
17:16 Bow Saw
17:11 Heavy Plow
17:55 Gold Mining
jack122800
10:13 Feudal Age
14:50 Castle Age
14:28 Loom
15:09 Double-Bit Axe
bloodking92246
10:55 Feudal Age
13:46 Castle Age
12:01 Double-Bit Axe
15:35 Bow Saw
17:14 Horse Collar
Connection lost

Rejoining the realm…

Still unreachable

The connection could not be restored.

Session expired

The server has moved on; the page needs a fresh start.